 Dungeon Crawl Stone Soup version 0.27-a0-1416-g941b2bd30b (webtiles) character file.

Game seed: 4290526088808712574

3761 raph the Reanimator (level 9, 0/81 HPs)
             Began as a Deep Dwarf Necromancer on July 1, 2021.
             Was an Elder of Makhleb.
             Slain by a shadow (20 damage)
             ... on level 9 of the Dungeon.
             The game lasted 00:21:30 (12882 turns).

raph the Reanimator (Deep Dwarf Necromancer)       Turns: 12882, Time: 00:21:31

Health: 0/81       AC:  5    Str: 12    XL:     9   Next: 94%
Magic:  10/16      EV: 13    Int: 19    God:    Makhleb [****..]
Gold:   607        SH:  6    Dex: 13    Spells: 2/18 levels left

rFire    . . .     SeeInvis .   a - +0 war axe (vamp)
rCold    . . .     Faith    .   f - +1 buckler
rNeg     . . .     Spirit   .   u - +0 robe
rPois    .         Reflect  .   A - +0 helmet
rElec    .         Harm     .   (no cloak)
rCorr    .         Rampage  .   l - +1 pair of gloves
Will     +....                  (no boots)
Stlth    +++.......             (no amulet)
HPRegen  0.00/turn              x - ring of wizardry
MPRegen  0.15/turn              (no ring)

@: no status effects
A: damage resistance, heal wounds, sense surroundings 2, no regeneration
a: Heal Wounds, Renounce Religion, Minor Destruction, Lesser Servant of Makhleb,
Major Destruction


You were on level 9 of the Dungeon.
You worshipped Makhleb.
Makhleb was greatly pleased with you.
You visited 1 branch of the dungeon, and saw 9 of its levels.

You collected 607 gold pieces.

Inventory:

Hand Weapons
 a - a +0 vampiric war axe (weapon)
 d - a +0 short sword
 k - a +2 short sword of draining
 o - a +2 hand axe of protection
 v - a +0 war axe
Missiles
 b - 16 boomerangs
 j - 13 poisoned darts
 y - 7 curare-tipped darts
Armour
 f - a +1 buckler (worn)
 l - a +1 pair of gloves (worn)
 u - a +0 robe (worn)
 A - a +0 helmet (worn)
Jewellery
 x - a ring of wizardry (left hand)
Wands
 p - a wand of polymorph (29)
Scrolls
 g - 2 scrolls of teleportation
 t - 3 scrolls of fear
Potions
 c - 2 potions of haste
 e - 3 potions of heal wounds
 h - 2 potions of might {unknown}
 i - 3 potions of flight
 m - 2 potions of berserk rage {unknown}
 n - a potion of attraction {unknown}
 q - a potion of cancellation
 r - 3 potions of curing
 s - 2 potions of mutation {unknown}
 w - a potion of lignification {unknown}
 z - a potion of ambrosia {unknown}


   Skills:
 + Level 5.2 Fighting
 * Level 4.2 Axes
 + Level 3.6 Dodging
 + Level 4.1 Stealth
 - Level 4.0 Shields
 + Level 5.2 Spellcasting
 + Level 9.7 Necromancy
 * Level 0.9 Earth Magic
 + Level 6.4 Invocations


You had 2 spell levels left.
You knew the following spells:

 Your Spells              Type           Power      Damage    Failure   Level
a - Pain                  Necr           100%       1d9       1%          1
b - Animate Skeleton      Necr           82%        N/A       1%          1
c - Vampiric Draining     Necr           20%        2d8       1%          3
d - Animate Dead          Necr           20%        N/A       1%          4
e - Dispel Undead         Necr           41%        3d16      1%          4
f - Sandblast             Erth           16%        2d6       3%          1
g - Passwall              Tmut/Erth      5%         N/A       6%          2

Your spell library contained the following spells:

 Spells                   Type           Power      Damage    Failure   Level
 Corpse Rot               Necr/Air       N/A        N/A       1%          2
 Corona                   Hex            4%         N/A       4%          1
 Sting                    Tmut/Pois      16%        1d3       4%          1
 Ensorcelled Hibernation  Hex/Ice        8%         N/A       8%          2
 Poisonous Vapours        Pois/Air       8%         N/A       8%          2
 Static Discharge         Conj/Air       4%         N/A       8%          2
 Agony                    Necr           41%        N/A       2%          5
 Ignite Poison            Fire/Tmut/Pois 4%         N/A       16%         3
 Inner Flame              Hex/Fire       4%         N/A       16%         3
 Mephitic Cloud           Conj/Pois/Air  4%         N/A       16%         3
 Swiftness                Air            4%         N/A       16%         3
 Tukima's Dance           Hex            4%         N/A       16%         3
 Petrify                  Tmut/Erth      6%         N/A       36%         4
 Cause Fear               Hex            2%         N/A       43%         4
 Olgreb's Toxic Radiance  Pois           4%         N/A       43%         4
 Sticky Flame             Conj/Fire      4%         2d3       43%         4
 Lee's Rapid Deconstruct  Erth           4%         3d6*      63%         5
 Simulacrum               Ice/Necr       11%        N/A       67%         6
 Bolt of Magma            Conj/Fire/Erth 3%         4d5       71%         5
 Freezing Cloud           Conj/Ice/Air   2%         6-21      77%         5
 Metabolic Englaciation   Hex/Ice        2%         N/A       77%         5
 Statue Form              Tmut/Erth      4%         N/A       99%         6
 Discord                  Hex            2%         N/A       100%        8
 Polar Vortex             Ice            2%         N/A       100%        9


Dungeon Overview and Level Annotations

Branches:
Dungeon (9/15)             Temple (0/1) D:6             Orc (0/2) D:9
   Lair: D:8-11

Altars:
Gozag
Makhleb
The Shining One
Beogh

Shops:
D:6 (

Annotations:
D:7 3 runed translucent doors, Xtruder99's ghost, novice GnFi


Innate Abilities, Weirdness & Mutations

You are resistant to damage.
You can heal yourself by infusing magical energy.
You passively map the area around you.
You do not regenerate.


Message History

Aim: a shadow (moderately damaged, ally target) Attack!
Your ufetubus hits the shadow but does no damage.
Your ufetubus closely misses the shadow.
Your ufetubus hits the shadow but does no damage. x2
Your ufetubus hits the ogre zombie.
The ogre zombie is destroyed!
Makhleb accepts your kill.
Your ufetubus closely misses the shadow.
Your ufetubus barely misses the shadow.
Your ufetubus hits the shadow but does no damage. x2
Your ynoxinul gestures.
The shadow slips into darkness.
The shadow flickers and vanishes!
Deactivating autopickup; reactivate with Ctrl-A.
Your ufetubus disappears in a puff of smoke! x2
The ogre zombie hits your ufetubus but does no damage.
Your ufetubus hits the ogre zombie. x2
The orc priest barely misses your ynoxinul.
Your ynoxinul barely misses something.
The shadow strikes at your ufetubus from the darkness!
Your ufetubus dies!
Your ufetubus hits the ogre zombie. x2
The orc priest casts a cantrip, but nothing happens.
The ogre zombie hits your ufetubus.
Your ynoxinul gestures.
The shadow strikes at your ufetubus from the darkness!
Your ufetubus dies!
Your ufetubus hits the ogre zombie. x2
Unknown command.
Your ufetubus disappears in a puff of smoke!
Your ufetubus barely misses something.
Your ufetubus misses something. Your ufetubus hits the ogre zombie. x2
The orc priest hits your ynoxinul with a +0 short sword.
Your ynoxinul hits the orc priest.
You swap places.
Your ufetubus misses something. x2
The ogre zombie hits something.
The orc priest hits your ynoxinul with a +0 short sword.
The shadow strikes at you from the darkness!
You die...

#.#..#.##.o.ZZ####..####...###
,#.Z.
..###.W#..Z##...#....##.# ,
#..,####,#.#.Z#.##.....#......
Z.. ...###ZZ##......#..... ##
######5Z###.<..>##..... * **
###o###.....##..... * *
*##..35............_. ,
..###...§.§...........8) ,,,
,, .......@55§......#...._. **
,, .......55.......##...... ,
........5.......###....# ,
.........#..#...# #.#### ,
............#..$..#. ##. ,,
...............##.. ....
**.........##...## ., .... ,,
* .##....... ..## * ,.... *
,*#....... .# ....


You could see an orc priest (ally target), a goblin zombie, an orc zombie, an
ogre zombie, a troll zombie, a friendly ynoxinul (summoned) and 6 friendly
ufetubi.

Vanquished Creatures
  A wraith (D:5)
  An orc warrior (D:6)
  A black bear (D:6)
  A necrophage (D:5)
  2 ogres
  A centaur (D:8)
  2 phantoms (D:9)
  2 kobold brigands (D:8)
  7 bullfrogs
  5 scorpions
  2 water moccasin zombies (D:6)
  A troll zombie (D:9)
  2 water moccasin skeletons
  3 killer bees (D:8)
  3 howler monkeys
  A bullfrog zombie (D:5)
  5 hounds
  A jelly (D:5)
  A centaur skeleton (D:5)
  A bullfrog skeleton (D:6)
  5 orc priests
  Jessica (D:3)
  2 iguanas
  Terence (D:2)
  2 orc wizards
  Natasha (thrice) (D:2)
  A hound skeleton (D:4)
  A howler monkey zombie (D:7)
  A gnoll (D:8)
  11 adders
  2 white imps
  An ufetubus (D:4)
  4 worms
  2 dart slugs
  36 orcs
  5 bats
  9 endoplasms
  5 giant cockroaches
  5 goblins
  10 hobgoblins
  2 jackals (D:2)
  10 kobolds
  3 quokkas
  7 ball pythons
  6 frilled lizards
  A goblin skeleton (D:9)
  4 orc zombies (D:9)
  7 rats
190 creatures vanquished.

Vanquished Creatures (collateral kills)
  3 yaks (D:9)
  An orc warrior (D:8)
  A phantom (D:6)
  2 killer bees (D:8)
  A bullfrog zombie (D:5)
  An orc priest (D:8)
  A gnoll shaman (D:8)
  An orc wizard (D:9)
  An ogre zombie (D:9)
  A howler monkey zombie (D:5)
  4 gnolls (D:8)
  A white imp (D:6)
  An orc (D:8)
  An endoplasm (D:1)
  A quokka (D:5)
21 creatures vanquished.

Grand Total: 211 creatures vanquished

Notes
Turn   | Place    | Note
-------+----------+-------------------------------------------
     0 | D:1      | raph the Deep Dwarf Necromancer began the quest for the
                  | Orb.
     0 | D:1      | Reached XP level 1. HP: 15/15 MP: 3/3
   136 | D:1      | Learned a level 1 spell: Animate Skeleton
   154 | D:1      | Found a burning altar of Makhleb.
   163 | D:1      | Became a worshipper of Makhleb the Destroyer
   347 | D:1      | Reached XP level 2. HP: 20/22 MP: 0/4
   431 | D:1      | Reached skill level 5 in Necromancy
   963 | D:1      | Found a faded altar of an unknown god.
  1145 | D:1      | Reached XP level 3. HP: 12/28 MP: 1/5
  1149 | D:1      | Learned a level 3 spell: Vampiric Draining
  1858 | D:2      | Reached * piety under Makhleb
  1942 | D:2      | Reached skill level 1 in Shields
  2012 | D:2      | Noticed Terence
  2023 | D:2      | Killed Terence
  2024 | D:2      | Reached XP level 4. HP: 23/36 MP: 0/6
  2142 | D:2      | Got the Guide on the Doomed Birds
  2308 | D:1      | Reached skill level 6 in Necromancy
  2840 | D:2      | Noticed Natasha
  3012 | D:2      | Killed Natasha
  3013 | D:2      | Reached XP level 5. HP: 21/42 MP: 2/7
  3150 | D:2      | Noticed Natasha
  3158 | D:2      | Killed Natasha
  3951 | D:2      | Noticed Natasha
  3958 | D:2      | Killed Natasha
  4835 | D:3      | Reached XP level 6. HP: 40/49 MP: 4/8
  4879 | D:3      | Noticed Jessica
  4884 | D:3      | Killed Jessica
  4885 | D:3      | Reached skill level 7 in Necromancy
  5078 | D:3      | Reached ** piety under Makhleb
  6036 | D:4      | Reached skill level 1 in Fighting
  6356 | D:4      | Reached XP level 7. HP: 57/57 MP: 10/10
  6621 | D:4      | Learned a level 4 spell: Animate Dead
  6851 | D:5      | Entered Level 5 of the Dungeon
  7049 | D:5      | Reached skill level 8 in Necromancy
  7065 | D:5      | Reached *** piety under Makhleb
  7077 | D:5      | Reached skill level 1 in Invocations
  7216 | D:5      | Reached XP level 8. HP: 36/69 MP: 13/13
  7321 | D:5      | Learned a level 4 spell: Dispel Undead
  8499 | D:6      | Reached skill level 9 in Necromancy
  8699 | D:6      | Found Makh's Weapon Shoppe.
  9041 | D:6      | Found a staircase to the Ecumenical Temple.
  9059 | D:6      | Reached skill level 5 in Invocations
  9059 | D:6      | Gained mutation: You passively map the area around you.
                  | [Deep Dwarf growth]
  9059 | D:6      | Reached XP level 9. HP: 47/79 MP: 9/15
  9477 | D:6      | Reached skill level 1 in Axes
  9969 | D:6      | Reached **** piety under Makhleb
 10378 | D:7      | Found a runed translucent gate.
 10381 | D:7      | Found a runed translucent gate.
 10381 | D:7      | Noticed Xtruder99's ghost (novice GnFi)
 10382 | D:7      | Found a runed translucent gate.
 11552 | D:8      | Noticed a cyclops
 11868 | D:8      | Found an opulent altar of Gozag.
 11905 | D:8      | Reached skill level 5 in Spellcasting
 11913 | D:8      | Reached skill level 5 in Fighting
 12328 | D:9      | Found a burning altar of Makhleb.
 12328 | D:9      | Found a glowing golden altar of the Shining One.
 12447 | D:9      | Learned a level 1 spell: Sandblast
 12607 | D:9      | Found a staircase to the Orcish Mines.
 12615 | D:9      | Learned a level 2 spell: Passwall
 12882 | D:9      | Slain by a shadow

Illustrated notes

Levels and vault maps discovered:
D:1:      scummos_arrival_hexagon, layout_loops_ring,
          ebering_ecumenical_altar_box, minmay_hexomino_r4
D:2:      layout_rooms, serial_co_window_serial, co_window_of_opportunity_a,
          co_window_corner_a, co_window_paths_a, co_window_paths_b,
          co_window_corner_a, co_window_broadway_a, co_window_corner_b,
          co_window_2corner, co_window_broadway_b, co_window_4corner_a,
          co_window_paths_d, glass_columns_a, glass_columns_c, glass_columns_a,
          glass_columns_a, uniq_terence, uniq_natasha
D:3:      layout_rooms, minmay_door_square, st_stairs_3, uniq_jessica
D:4:      layout_loops_corners
D:5:      cheibrodos_barr_body, layout_loops_ring, kennysheep_generic_room_15
D:6:      layout_basic, minmay_temple_entry_antechambers, serial_shops,
          nicolae_shop_crystal
D:7:      layout_basic, biasface_ghost_orc_armoury
D:8:      layout_loops_ring, amcnicky_altar_gilded
D:9:      layout_cave_pools, chequers_temple_overflow_statue_of_worship,
          zombieorc1_lemuel

Skill      XL: |  1  2  3  4  5  6  7  8  9 |
---------------+----------------------------+-----
Necromancy     | 5 6 7 8 9 |  9.7
Shields        | 1 2 3 4 |  4.0
Spellcasting   | 2 3 4 5 |  5.2
Fighting       | 1 3 4 5 |  5.2
Invocations    | 2 5 6 |  6.4
Axes           | 4 |  4.2
Stealth        | 4 |  4.1
Dodging        | 3 |  3.6
Earth Magic    | |  0.9

Action                   |  1- 3 |  4- 6 |  7- 9 || total
-------------------------+-------+-------+-------++-------
Melee: Short sword       |    19 |    33 |       ||    52
       War axe           |       |    64 |   250 ||   314
       Hand axe          |       |    27 |       ||    27
Throw: Boomerang         |     1 |       |       ||     1
 Cast: Pain              |    59 |    65 |    44 ||   168
       Animate Skeleton  |     4 |       |     5 ||     9
       Vampiric Draining |     4 |    16 |    67 ||    87
       Dispel Undead     |       |       |    20 ||    20
       Animate Dead      |       |       |     8 ||     8
       Passwall          |       |       |     1 ||     1
Invok: Minor Destruction |       |       |     3 ||     3
       Lesser Servant of |       |       |     5 ||     5
  Use: Scroll            |       |     9 |     6 ||    15
       Potion            |       |       |     2 ||     2
 Stab: Sleeping          |     2 |     6 |     4 ||    12
       Distracted        |       |       |     3 ||     3
Armor: Robe              |    23 |    44 |    75 ||   142
Dodge: Dodged            |    36 |   105 |   203 ||   344
Block: Buckler           |     3 |    40 |   104 ||   147

Table legend: (Time is in decaauts)
 A = Elapsed time spent in this place.
 B = Non-inter-level travel time spent in this place.
 C = Inter-level travel time spent in this place.
 D = Time resting spent in this place.
 E = Time spent auto-exploring this place.
 F = Levels seen in this place.
 G = Mean time per level.
                   A        B        C        D        E       F      G
               +--------+--------+--------+--------+--------+-----+--------+
         Total |  13044 |  12792 |    252 |   5005 |   5601 |   9 | 1449.3 |
       Dungeon |  13044 |  12792 |    252 |   5005 |   5601 |   9 | 1449.3 |
               +--------+--------+--------+--------+--------+-----+--------+

Top non-repeatable levels by time:
     D:2: 2423 daAuts
     D:1: 2050 daAuts
     D:6: 1899 daAuts
     D:5: 1617 daAuts
     D:4: 1530 daAuts
     D:8: 1155 daAuts
     D:3: 900 daAuts
     D:7: 863 daAuts
     D:9: 604 daAuts
